 Dungeon Crawl Stone Soup version 0.19.5 (webtiles) character file.

451 joaoluisp the Shield-Bearer (level 6, -4/56 HPs)
             Began as a Minotaur Fighter on May 14, 2017.
             Killed by nerve-wracking pain
             ... invoked by Menkaure
              (9 damage)
             ... on level 4 of the Dungeon.
             The game lasted 00:47:00 (4798 turns).

joaoluisp the Shield-Bearer (Minotaur Fighter)      Turns: 4798, Time: 00:47:01

Health: -4/56      AC:  7    Str: 23    XL:     6   Next: 75%
Magic:  6/6        EV:  8    Int:  5    God:
Gold:   157        SH: 10    Dex:  9    Spells: 0 memorised, 7 levels left

rFire  . . .     SeeInvis .     a - +0 war axe
rCold  . . .     Gourm    .     b - +0 scale mail
rNeg   . . .     Faith    .     c - +0 shield
rPois  .         Spirit   .     (helmet restricted)
rElec  .         Reflect  .     (no cloak)
rCorr  .         Harm     .     (no gloves)
MR     .....                    (no boots)
Stlth  ..........               o - amulet of rage
                                (no ring)
                                (no ring)

@: no status effects
A: retaliatory headbutt, horns 2
a: Evoke Berserk Rage


You were on level 4 of the Dungeon.
You were not hungry.

You visited 1 branch of the dungeon, and saw 4 of its levels.

You collected 157 gold pieces.

Inventory:

Hand Weapons
 a - a +0 war axe (weapon)
 d - a +0 dagger
 e - a cursed -3 blowgun
 f - a +0 whip of electrocution
 l - a +0 whip
 n - a +0 hunting sling
 r - a cursed -1 flail
 t - a +0 whip
 w - a -2 hunting sling
 y - a +0 dagger
 z - a +0 spear
 A - a +0 quarterstaff
 B - a cursed +0 short sword
 J - a +0 flail
 K - a +2 flail of holy wrath
 P - a +0 quarterstaff
 Q - a +0 mace
 X - a +0 mace
Missiles
 j - 157 stones (quivered)
 p - 35 sling bullets
 q - 60 poisoned needles
 s - 74 arrows
 x - 47 bolts
 W - 10 tomahawks
Armour
 b - a +0 scale mail (worn)
 c - a +0 shield (worn)
 g - a +0 ring mail
 C - a +1 helmet
 H - a +0 robe
 O - a +0 scale mail
 Y - a +0 leather armour
Jewellery
 o - an amulet of rage (around neck)
Scrolls
 k - 3 scrolls of remove curse
 F - a scroll of amnesia
 I - 4 scrolls of identify {unknown}
 N - a scroll of enchant armour {unknown}
 S - a scroll of enchant weapon {unknown}
 U - a scroll of fear {unknown}
 Z - a scroll of teleportation {unknown}
Potions
 i - a potion of invisibility {unknown}
 m - 2 potions of cancellation {unknown}
 u - a potion of haste
 D - a potion of flight {unknown}
 G - a potion of curing {unknown}
 M - 3 potions of degeneration {unknown}
 R - a potion of mutation {unknown}
 V - a potion of lignification {unknown}
Comestibles
 h - 2 meat rations
 v - 3 bread rations
 E - a beef jerky
 L - 2 fruits
 T - a slice of pizza


   Skills:
 + Level 5.0 Fighting
 * Level 5.1 Axes
 + Level 5.1 Armour
 - Level 0.9 Dodging
 + Level 5.2 Shields
 * Level 1.2 Spellcasting


You had 7 spell levels left.
You didn't know any spells.

Dungeon Overview and Level Annotations

Branches:
Dungeon (4/15)
 Temple: D:4-7

Altars:
Elyvilon
Gozag
Xom

Annotations:
D:4 Menkaure


Innate Abilities, Weirdness & Mutations

You reflexively headbutt those who attack you in melee.
You have a pair of horns on your head.


Message History

* * * LOW HITPOINT WARNING * * *
Edmund hits you with a flail of protection.
* * * LOW HITPOINT WARNING * * *
You slash Edmund!
Edmund is almost dead.
You hit Menkaure.
Menkaure calls on the powers of darkness!
Your body is wracked with pain!
* * * LOW HITPOINT WARNING * * *
Edmund convulses!
You block Edmund's attack.
You slash Edmund!
You kill Edmund!
Your Axes skill increases to level 5!
You hit Menkaure.
Menkaure calls on the powers of darkness!
Your body is wracked with pain!
* * * LOW HITPOINT WARNING * * *
Menkaure gestures at you while chanting.
Pain shoots through your body!
You die...

#.###+####
#........##.........+
#........##.........#
#........##......[..# #
#........##.........#..
#........# #.........#
#........# #.........#
#........# #..M../...#
#........###...@)....#
#....................#
.....................#
###..................#
#######............#
#............#
#...########## #...#
#...# ##


You could see Menkaure.

Vanquished Creatures
  Edmund (D:4)
  A crimson imp (D:3)
  2 orc priests (D:3)
  3 orc wizards (D:3)
  A worker ant (D:4)
  6 adders
  2 oozes
  An adder skeleton (D:4)
  5 dart slugs
  2 worms (D:2)
  6 leopard geckos
  6 orcs (D:3)
  A ball python (D:2)
  7 bats
  6 giant cockroaches
  9 goblins
  13 hobgoblins
  11 jackals
  11 kobolds
  2 quokkas (D:2)
  4 frilled lizards
  11 rats
111 creatures vanquished.

Notes
Turn   | Place    | Note
-------+----------+-------------------------------------------
     0 | D:1      | joaoluisp the Minotaur Fighter began the quest for the Orb.
     0 | D:1      | Reached XP level 1. HP: 19/19 MP: 0/0
   210 | D:1      | Reached XP level 2. HP: 27/27 MP: 1/1
   726 | D:1      | Reached XP level 3. HP: 33/33 MP: 2/2
  2027 | D:1      | Reached XP level 4. HP: 13/41 MP: 3/3
  2692 | D:2      | Found an opulent altar of Gozag.
  3323 | D:3      | Reached XP level 5. HP: 47/47 MP: 4/4
  3535 | D:3      | Reached skill level 5 in Shields
  3538 | D:3      | Reached skill level 1 in Spellcasting
  3538 | D:3      | Reached XP level 6. HP: 13/55 MP: 4/6
  3556 | D:3      | Reached skill level 5 in Armour
  4067 | D:3      | Reached skill level 5 in Fighting
  4220 | D:3      | Found a white marble altar of Elyvilon.
  4220 | D:3      | Found a shimmering altar of Xom.
  4790 | D:4      | Noticed Edmund
  4790 | D:4      | Noticed Menkaure
  4798 | D:4      | Killed Edmund
  4798 | D:4      | Reached skill level 5 in Axes
  4798 | D:4      | Killed from afar by Menkaure

Skill      XL: |  1  2  3  4  5  6 |
---------------+-------------------+-----
Armour         | 4 5 |  5.1
Fighting       | 4 5 |  5.0
Shields        | 4 5 |  5.2
Axes           | 3 4 5 |  5.1
Spellcasting   | 1 |  1.2
Dodging        | |  0.9

Action                   |  1- 3 |  4- 6 || total
-------------------------+-------+-------++-------
Melee: War axe           |    84 |   129 ||   213
       Headbutt          |    15 |    30 ||    45
       Hunting sling     |    27 |       ||    27
 Fire: Hunting sling     |     7 |       ||     7
  Use: Scroll            |     1 |     1 ||     2
       Potion            |       |     2 ||     2
  Eat: Bread ration      |     1 |       ||     1
       Meat ration       |       |     2 ||     2
Armor: Scale mail        |    85 |    62 ||   147
Dodge: Dodged            |    52 |    46 ||    98
Block: Shield            |    96 |    86 ||   182
